 Dungeon Crawl Stone Soup version 0.28.0 (webtiles) character file.

Game seed: 11513190949724617517

2597 RepoMan the Magician (level 9, -37/71 HPs)
             Began as a Mummy Cinder Acolyte on Feb 16, 2022.
             Was a High Priest of Ignis.
             Annihilated by a boulder beetle (40 damage)
             ... on level 8 of the Dungeon.
             The game lasted 00:37:12 (6866 turns).

RepoMan the Magician (Mummy Cinder Acolyte)         Turns: 6866, Time: 00:37:12

Health: -37/71     AC:  7    Str: 17    XL:     9   Next: 33%
Magic:  2/28       EV: 11    Int: 17    God:    Ignis [*****.]
Gold:   252        SH:  0    Dex:  8    Spells: 7/22 levels left

rFire   . . .      SeeInvis .   t - +1 whip of Untruth {freeze, MP+9}
rCold   + . .      Faith    .   (no shield)
rNeg    + + +      Spirit   .   m - +0 leather armour {Will+}
rPois   ∞          Reflect  .   d - +2 helmet
rElec   .          Harm     .   (no cloak)
rCorr   .          Rampage  .   i - +0 pair of gloves
Will    ++...                   (no boots)
Stlth   +.........              (no amulet)
HPRegen 0.21/turn               (no ring)
MPRegen 0.21/turn               (no ring)

@: no status effects
A: cold resistance 1, negative energy resistance 3, torment resistance 2, heat
vulnerability 1, no potions
a: Renounce Religion, Fiery Armour, Foxfire Swarm, Rising Flame


You were on level 8 of the Dungeon.
You worshipped Ignis.
Ignis was extremely pleased with you.
You visited 2 branches of the dungeon, and saw 9 of its levels.

You collected 337 gold pieces.
You spent 85 gold pieces at shops.

Inventory:

Hand Weapons
 a - a -1 spear of flaming
 t - the +1 whip of Untruth (weapon) {freeze, MP+9}
   (You took it off a kobold on level 4 of the Dungeon)

   It freezes those it strikes, dealing additional cold damage.
   It can also slow down cold-blooded creatures.
   MP:        It affects your magic capacity (+9).
Missiles
 c - 65 stones
 n - 11 poisoned darts
 u - 5 atropa-tipped darts
Armour
 d - a +2 helmet (worn)
 i - a +0 pair of gloves (worn)
 m - a +0 leather armour of willpower (worn)
Magical Staves
 x - a staff of earth
Jewellery
 s - a ring of willpower
 v - a ring of ice
 w - an amulet of the acrobat
Wands
 h - a wand of flame (53)
 r - a wand of iceblast (9)
 y - a wand of mindburst (14)
Scrolls
 b - 2 scrolls of enchant armour {unknown}
 e - 7 scrolls of identify {unknown}
 f - 2 scrolls of immolation {unknown}
 g - 2 scrolls of blinking {unknown}
 j - a scroll of magic mapping {unknown}
 k - a scroll of noise {unknown}
 l - 3 scrolls of amnesia {unknown}
 p - a scroll of fog
 q - 2 scrolls of teleportation
 z - a scroll of acquirement {unknown}
 A - a scroll of holy word {unknown}


   Skills:
 + Level 6.6 Fighting
 - Level 2.4 Polearms
 + Level 7.2 Spellcasting
 * Level 4.3 Conjurations
 - Level 4.0 Hexes
 - Level 2.4 Fire Magic
 + Level 4.0 Earth Magic
 + Level 2.8 Poison Magic


You had 7 spell levels left.
You knew the following spells:

 Your Spells              Type           Power      Damage    Failure   Level
a - Confusing Touch       Hex            19%        N/A       9%          3
c - Mephitic Cloud        Conj/Pois/Air  14%        N/A       16%         3
e - Searing Ray           Conj           40%        2d5       3%          2
q - Magic Dart            Conj           80%        1d7       2%          1
r - Scorch                Fire           28%        2d6       8%          2
v - Poisonous Vapours     Pois/Air       20%        N/A       12%         2
w - Passwall              Tmut/Erth      10%        N/A       9%          2

Your spell library contained the following spells:

 Spells                   Type           Power      Damage    Failure   Level
 Shock                    Conj/Air       52%        1d6       6%          1
 Sting                    Tmut/Pois      40%        1d5       8%          1
 Ensorcelled Hibernation  Hex/Ice        24%        N/A       10%         2
 Portal Projectile        Hex/Tloc       24%        N/A       19%         3
 Call Imp                 Summ           6%         N/A       22%         2
 Fulminant Prism          Conj/Hex       10%        3d9       26%         4
 Leda's Liquefaction      Hex/Erth       9%         N/A       26%         4
 Call Canine Familiar     Summ           6%         N/A       38%         3
 Swiftness                Air            6%         N/A       38%         3
 Olgreb's Toxic Radiance  Pois           15%        N/A       41%         4
 Airstrike                Air            3%         N/A       80%         4
 Passage of Golubria      Tloc           6%         N/A       80%         4
 Silence                  Hex/Air        6%         N/A       86%         5
 Yara's Violent Unravell  Hex/Tmut       6%         3d5       86%         5
 Enfeeble                 Hex            9%         N/A       100%        7
 Lehudib's Crystal Spear  Conj/Erth      10%        10d4      100%        8


Dungeon Overview and Level Annotations

Branches:
Dungeon (8/15)             Temple (1/1) D:7
   Lair: D:8-11

Altars:
Ashenzari
Cheibriados
Dithmenos
Elyvilon
Hepliaklqana
Kikubaaqudgha
Makhleb
Nemelex Xobeh
Okawaru
Qazlal
Ru
Sif Muna
Trog
Uskayaw
Vehumet
Wu Jian
Xom
Yredelemnul
Zin
The Shining One

Shops:
D:4 ??((

Annotations:
D:7 Hydra
D:8 2 transporters, exclusion: upstairs, mfcas's ghost, novice OpCj


Innate Abilities, Weirdness & Mutations

You are immune to poison.
Your flesh is cold resistant. (rC+)
You are immune to negative energy. (rN+++)
You are immune to unholy pain and torment.
You are vulnerable to heat. (rF-)
You do not drink.


Message History

Okay, then.
Unknown command.
Unknown command.
Press: ? - help, v - describe, . - travel
Here: a boulder beetle (severely wounded, poisoned)
The floor.
Unknown command.
Unknown command.
Unknown command.
Casting: Poisonous Vapours (safe; 12% risk of failure)
Confirm with . or Enter, or press ? or * to list all spells.
You don't know that spell.
Casting: Poisonous Vapours (safe; 12% risk of failure)
Confirm with . or Enter, or press ? or * to list all spells.
Aiming: Mephitic Cloud (dangerous; 16% risk of failure)
Press: ? - help, Shift-Dir - straight line, f/p - boulder beetle
Aim: a boulder beetle (severely wounded, poisoned, chance to affect: 43%)
The ball explodes into a vile cloud!
The stinking cloud engulfs the boulder beetle but does no damage.
The boulder beetle is severely wounded.
The stinking cloud engulfs you but does no damage.
The boulder beetle is engulfed in noxious fumes.
The boulder beetle bites you!
* * * LOW HITPOINT WARNING * * *
The boulder beetle looks more healthy.
The boulder beetle is engulfed in noxious fumes.
The boulder beetle curls into a ball and begins rolling!
Your magical contamination has completely faded away.
Casting: Mephitic Cloud (dangerous; 16% risk of failure)
Confirm with . or Enter, or press ? or * to list all spells.
Aiming: Mephitic Cloud (dangerous; 16% risk of failure)
Press: ? - help, Shift-Dir - straight line, f/p - boulder beetle
Aim: a boulder beetle (severely wounded, rolling, chance to affect: 43%)
The ball explodes into a vile cloud!
The stinking cloud engulfs the boulder beetle but does no damage.
The boulder beetle is severely wounded.
The boulder beetle is engulfed in noxious fumes.
The boulder beetle hits you!!!
Ouch! That really hurt!
You die...

......#..###..#
.#.####...##..# .#
.#...<#.#.##..# .#
.######.......# .#
.#########.#.######.##
.##.......<..........
.##.#######..######.#
..#.# #..######.#
#.#.# ##>.☼B@...#
#.#.# ########## #.#.#
#.#.# ..#.# ###.## .
.....# ... .###.#.....
.......#


You could see a boulder beetle (rolling).

Vanquished Creatures
  Pikel (D:7)
  Edmund (D:5)
  2 water moccasins
  A black bear (D:5)
  A necrophage (D:4)
  3 ice beasts
  A lemure (D:7)
  4 phantoms
  A bullfrog (D:7)
  A kobold brigand (D:4)
  A wyvern zombie (D:6)
  2 scorpions
  2 water moccasin zombies (D:5)
  A howler monkey (D:7)
  A centaur zombie (D:8)
  3 jellies
  A gnoll shaman (D:5)
  2 orc priests
  A bullfrog skeleton (D:5)
  2 hounds (D:4)
  Jessica (D:2)
  3 iguanas
  An orc wizard (D:7)
  A killer bee zombie (D:8)
  A hound zombie (D:5)
  4 gnolls (D:5)
  A howler monkey zombie (D:6)
  5 adders
  A white imp (D:5)
  12 orcs
  5 endoplasms
  A giant cockroach (D:3)
  7 goblins
  5 hobgoblins
  5 quokkas
  6 ball pythons
  3 bats (D:1)
  2 frilled lizards
  7 kobolds
  6 rats
109 creatures vanquished.

Notes
Turn   | Place    | Note
-------+----------+-------------------------------------------
     0 | D:1      | RepoMan the Mummy Cinder Acolyte began the quest for the
                  | Orb.
     0 | D:1      | Reached XP level 1. HP: 18/18 MP: 2/2
   364 | D:1      | Reached skill level 2 in Spellcasting
   473 | D:2      | Found a broken altar of Ashenzari.
   489 | D:2      | Reached XP level 2. HP: 24/24 MP: 5/5
   492 | D:2      | Learned a level 2 spell: Scorch
   499 | D:2      | Noticed Jessica
   504 | D:2      | Killed Jessica
   505 | D:2      | Reached XP level 3. HP: 30/30 MP: 1/7
   567 | D:2      | Learned a level 3 spell: Confusing Touch
   856 | D:2      | Reached skill level 3 in Spellcasting
  1100 | D:2      | Found a faded altar of an unknown god.
  1101 | D:2      | Noticed a great orb of eyes
  1106 | D:2      | Noticed a golden eye
  1106 | D:2      | Noticed a golden eye
  1106 | D:2      | Noticed a great orb of eyes
  1242 | D:2      | Reached skill level 1 in Hexes
  1543 | D:3      | Learned a level 1 spell: Magic Dart
  1696 | D:3      | Learned a level 2 spell: Passwall
  1818 | D:3      | Reached XP level 4. HP: 37/37 MP: 5/8
  1973 | D:3      | Found a shimmering altar of Xom.
  2186 | D:4      | Noticed a kobold brigand
  2199 | D:4      | Killed a kobold brigand
  2200 | D:4      | Reached XP level 5. HP: 29/42 MP: 0/10
  2290 | D:4      | Found Eresu's Weapon Shoppe.
  2313 | D:4      | Noticed a phantom
  2338 | D:4      | Killed a phantom
  2339 | D:4      | Reached skill level 1 in Conjurations
  2339 | D:4      | Reached skill level 1 in Earth Magic
  2471 | D:4      | Found a basalt altar of Yredelemnul.
  2493 | D:4      | Reached XP level 6. HP: 49/49 MP: 3/11
  2563 | D:4      | Found a snail-covered altar of Cheibriados.
  2687 | D:4      | Found Piaq's Magic Scroll Emporium.
  2694 | D:4      | Bought a scroll of fear for 35 gold pieces
  2694 | D:4      | Bought a scroll of fog for 20 gold pieces
  2694 | D:4      | Bought a scroll of teleportation for 30 gold pieces
  2706 | D:4      | Found Ivvipn's Magic Scroll Emporium.
  2717 | D:4      | Identified the +1 whip of Untruth {freeze, MP+9}
  3008 | D:4      | Reached skill level 4 in Spellcasting
  3169 | D:4      | Found Xerodips's Weapon Shop.
  3400 | D:5      | Entered Level 5 of the Dungeon
  3424 | D:5      | Reached XP level 7. HP: 48/55 MP: 10/13
  3619 | D:5      | Reached skill level 5 in Fighting
  3620 | D:5      | Noticed Edmund
  3801 | D:5      | Killed Edmund
  3802 | D:5      | Reached skill level 5 in Spellcasting
  4071 | D:5      | Reached XP level 8. HP: 62/62 MP: 15/15
  4156 | D:5      | Learned a level 3 spell: Mephitic Cloud
  4395 | D:5      | Learned a level 2 spell: Poisonous Vapours
  4690 | D:5      | Found a radiant altar of Vehumet.
  4834 | D:5      | Found a hide-covered altar of Uskayaw.
  4951 | D:6      | Reached skill level 6 in Spellcasting
  4951 | D:6      | Reached skill level 1 in Poison Magic
  5388 | D:6      | Found an ornate altar of the Wu Jian Council.
  5782 | D:6      | Learned a level 2 spell: Searing Ray
  5992 | D:7      | Reached XP level 9. HP: 69/69 MP: 10/19
  6274 | D:7      | Noticed Pikel
  6306 | D:7      | Killed Pikel
  6307 | D:7      | Reached skill level 7 in Spellcasting
  6481 | D:7      | Found a staircase to the Ecumenical Temple.
  6492 | Temple   | Entered the Ecumenical Temple
  6572 | D:7      | Noticed a six-headed hydra
  6611 | D:8      | Noticed mfcas's ghost (novice OpCj)
  6662 | D:8      | Noticed a cyclops
  6669 | D:8      | Found a transporter.
  6669 | D:8      | Found a transporter.
  6687 | D:8      | Noticed a cyclops
  6835 | D:8      | Noticed a boulder beetle
  6861 | D:8      | HP: 2/71 [boulder beetle (7)]
  6866 | D:8      | Annihilated by a boulder beetle

Illustrated notes

Levels and vault maps discovered:
D:1:      dpeg_arrival_tiny_f, layout_rooms
D:2:      layout_loops_corners, basic_altar,
          hellmonk_ecumenical_altar_watching_god, uniq_jessica
D:3:      layout_rooms, general_overflow_altar, serial_park_tiny_2,
          kennysheep_cluttered_room, due_unseen_surprise
D:4:      layout_rooms, mainiacjoe_overflow_two_lobes, serial_shops,
          nicolae_shop_statue_plus, kennysheep_mini_moat, kennysheep_mini,
          nicolae_shop_crystal
D:5:      layout_loops_ring, fiery_altar_vehumet, nicolae_uskayaw_dance_hall,
          st_stairs_5, uniq_edmund
D:6:      layout_rooms, lemuel_doored_altar, serial_rivers,
          chequers_serial_rivers_micro_e, chequers_serial_rivers_micro_a,
          chequers_serial_rivers_micro_e, chequers_serial_rivers_marsh,
          chequers_serial_rivers_micro_a, chequers_serial_rivers_micro_d
D:7:      layout_basic, minmay_temple_entry_poolview, uniq_pikel
D:8:      layout_basic, nzn_ghost_randoct, serial_shops, nicolae_square_shop,
          minivault_26
Temple:   eino_temple_water

Skill      XL: |  1  2  3  4  5  6  7  8  9 |
---------------+----------------------------+-----
Spellcasting   | 2 3 4 5 6 7 |  7.2
Hexes          | 1 2 3 4 |  4.0
Fighting       | 4 5 6 |  6.6
Conjurations   | 1 2 3 4 |  4.3
Earth Magic    | 1 2 3 4 |  4.0
Poison Magic   | 2 |  2.8
Polearms       | |  2.4
Fire Magic     | |  2.4

Action                   |  1- 3 |  4- 6 |  7- 9 || total
-------------------------+-------+-------+-------++-------
Melee: Spear             |    57 |    10 |       ||    67
       Whip              |       |    26 |    35 ||    61
       Punch             |       |       |     1 ||     1
Throw: Dart              |       |       |     4 ||     4
 Cast: Scorch            |    21 |    53 |   128 ||   202
       Magic Dart        |       |     1 |       ||     1
       Confusing Touch   |       |       |     3 ||     3
       Searing Ray       |       |       |     1 ||     1
       Mephitic Cloud    |       |       |    13 ||    13
       Poisonous Vapours |       |       |     3 ||     3
Evoke: Wand              |       |     3 |     5 ||     8
  Use: Scroll            |       |       |     1 ||     1
 Stab: Confused          |       |       |     1 ||     1
Armor: Robe              |    15 |       |       ||    15
       Leather armour    |     2 |    25 |    36 ||    63
Dodge: Dodged            |    31 |    25 |    66 ||   122
